 Dungeon Crawl Stone Soup version 0.29.1-12-g30fa7ad0bf (webtiles) character file.

Game seed: 17445779587777000385

144 FaviusArthum the Grave Robber (level 5, 0/28 HPs)
             Began as a Deep Elf Necromancer on Jan 6, 2023.
             Slain by Duvessa
             ... wielding a +0 short sword
              (5 damage)
             ... on level 4 of the Dungeon.
             The game lasted 00:14:52 (3342 turns).

FaviusArthum the Grave Robber (DENe)                Turns: 3342, Time: 00:14:53

Health: 0/28       AC:  2    Str:  5    XL:     5   Next: 5%
Magic:  3/14       EV: 16    Int: 22    God:
Gold:   80         SH:  0    Dex: 15    Spells: 10/14 levels left

rFire   . . .      SeeInvis .   p - +2 hammer (protect)
rCold   . . .      Faith    .   (no shield)
rNeg    . . .      Spirit   .   a - +0 robe
rPois   .          Reflect  .   (no helmet)
rElec   .          Harm     .   (no cloak)
rCorr   .          Rampage  .   (no gloves)
Will    .....                   (no boots)
Stlth   ++........              (no amulet)
HPRegen 0.09/turn               u - +4 ring of evasion
MPRegen 0.14/turn               (no ring)

@: no status effects
A: no striking features
a: no special abilities


You were on level 4 of the Dungeon.
You visited 1 branch of the dungeon, and saw 4 of its levels.

You collected 80 gold pieces.

Inventory:

Hand Weapons
 c - a +0 short sword
 h - a +0 broad axe
 p - a +2 hammer of protection (weapon)
Missiles
 o - 5 silver javelins
Armour
 a - a +0 robe (worn)
 n - a scarf of harm
Jewellery
 u - a +4 ring of evasion (left hand)
Scrolls
 d - 4 scrolls of teleportation {unknown}
 e - a scroll of silence {unknown}
 f - a scroll of blinking {unknown}
 g - a scroll of summoning {unknown}
 m - 6 scrolls of identify {unknown}
 r - a scroll of enchant weapon {unknown}
 s - a scroll of immolation {unknown}
 t - a scroll of fear {unknown}
Potions
 b - a potion of magic
 i - a potion of berserk rage {unknown}
 j - a potion of curing {unknown}
 k - a potion of flight {unknown}
 l - a potion of might {unknown}
 q - a potion of resistance {unknown}
 v - a potion of attraction {unknown}


   Skills:
 + Level 2.4 Dodging
 + Level 2.7 Stealth
 + Level 5.1 Spellcasting
 + Level 6.5 Necromancy


You had 10 spell levels left.
You knew the following spells:

 Your Spells              Type           Power      Damage    Failure   Level
a - Necrotise             Necr           100%       1d9       1%          1
b - Vampiric Draining     Necr           34%        2d8       1%          3

Your spell library contained the following spells:

 Spells                   Type           Power      Damage    Failure   Level
 Animate Dead             Necr           34%        N/A       7%          4
 Poisonous Vapours        Pois/Air       10%        N/A       16%         2
 Agony                    Necr           34%        N/A       19%         5
 Corpse Rot               Necr/Pois/Air  15%        N/A       38%         4


Dungeon Overview and Level Annotations

Branches:
Dungeon (4/15)
 Temple: D:4-7

Altars:

Shops:
D:2 [

Annotations:
D:2 1 runed translucent door, Crazy Yiuf
D:4 Dowan, Duvessa


Message History

Casting: Necrotise (safe; 1% risk of failure)
Confirm with . or Enter, or press ? or * to list all spells.
Aiming: Necrotise (safe; 1% risk of failure)
Press: ? - help, Shift-Dir - straight line, f/p - Duvessa
Aim: Duvessa, wielding a +0 short sword and wearing a +0 leather armour (chance to affect: 70%) Duvessa writhes in agony.
Dowan says, "Where the sword fails, magic succeeds!"
Dowan casts a spell.
Dowan blinks!
Casting: Necrotise (safe; 1% risk of failure)
Confirm with . or Enter, or press ? or * to list all spells.
Aiming: Necrotise (safe; 1% risk of failure)
Press: ? - help, Shift-Dir - straight line, f/p - Duvessa
Aim: Duvessa, wielding a +0 short sword and wearing a +0 leather armour (lightly wounded, chance to affect: 70%) Duvessa writhes in agony.
Duvessa hits you with a +0 short sword!
Casting: Necrotise (safe; 1% risk of failure)
Confirm with . or Enter, or press ? or * to list all spells.
Aiming: Vampiric Draining (safe; 1% risk of failure)
Press: ? - help, Shift-Dir - straight line, f/p - Duvessa
Aim: Duvessa, wielding a +0 short sword and wearing a +0 leather armour (moderately wounded)
You draw life force from Duvessa!
You feel life coursing into your body. Duvessa closely misses you.
Casting: Vampiric Draining (safe; 1% risk of failure)
Confirm with . or Enter, or press ? or * to list all spells.
Aiming: Vampiric Draining (safe; 1% risk of failure)
Press: ? - help, Shift-Dir - straight line, f/p - Duvessa
Aim: Duvessa, wielding a +0 short sword and wearing a +0 leather armour (heavily wounded)
You draw life force from Duvessa.
You feel life coursing into your body. Duvessa hits you with a +0 short sword!
Duvessa attacks as you move away! Duvessa hits you with a +0 short sword!
* * * LOW HITPOINT WARNING * * *
There is an open door here.
Casting: Vampiric Draining (safe; 1% risk of failure)
Confirm with . or Enter, or press ? or * to list all spells.
Aiming: Vampiric Draining (safe; 1% risk of failure)
Press: ? - help, Shift-Dir - straight line, f/p - Duvessa
Aim: Duvessa, wielding a +0 short sword and wearing a +0 leather armour (heavily wounded)
You draw life force from Duvessa.
You feel life coursing into your body. Duvessa hits you with a +0 short sword.
You die...

########
#......# +###
#.....##...##
#..[.@e.....#
#.....##e...#
#.....##....#
#......#....#
#.....##e...#
#.....# ....#
#.....# ....#
##.....#
....#
#......#


You could see Duvessa and Dowan.

Vanquished Creatures
  Jessica (D:2)
  3 gnolls (D:3)
  4 adders
  2 dart slugs
  3 orcs (D:3)
  5 endoplasms
  A giant cockroach (D:3)
  5 goblins
  6 hobgoblins (D:1)
  2 kobolds (D:2)
  2 quokkas
  4 bats
  3 frilled lizards
  6 rats
47 creatures vanquished.

Vanquished Creatures (collateral kills)
  A ball python (D:3)
1 creature vanquished.

Grand Total: 48 creatures vanquished

Notes
Turn   | Place    | Note
-------+----------+-------------------------------------------
     0 | D:1      | FaviusArthum the Deep Elf Necromancer began the quest for
                  | the Orb.
     0 | D:1      | Reached XP level 1. HP: 10/10 MP: 6/6
    59 | D:1      | Reached skill level 5 in Necromancy
   245 | D:1      | Found a faded altar of an unknown god.
   247 | D:1      | Reached XP level 2. HP: 15/15 MP: 6/8
   820 | D:2      | Noticed Jessica
   830 | D:2      | Killed Jessica
   831 | D:2      | Reached XP level 3. HP: 19/19 MP: 7/10
   908 | D:2      | Reached skill level 6 in Necromancy
   908 | D:2      | Reached XP level 4. HP: 24/24 MP: 8/12
   989 | D:2      | Found Qabieb Bomp's Armour Boutique.
  1204 | D:2      | Found a runed translucent door.
  1205 | D:2      | Noticed Crazy Yiuf
  1693 | D:3      | Learned a level 3 spell: Vampiric Draining
  3091 | D:3      | Reached skill level 5 in Spellcasting
  3096 | D:3      | Reached XP level 5. HP: 28/28 MP: 7/14
  3333 | D:4      | Noticed Duvessa
  3335 | D:4      | Noticed Dowan
  3342 | D:4      | Slain by Duvessa

Illustrated notes

Levels and vault maps discovered:
D:1:      dpeg_arrival_brainrot, layout_rooms,
          shapermc_ecumenical_altar_totnotflames
D:2:      layout_basic, serial_shops, shop, uniq_jessica,
          uniq_crazy_yiuf_cottage
D:3:      layout_basic
D:4:      layout_gridville, uniq_menkaure, uniq_duvessa, uniq_edmund,
          uniq_blork_the_orc

Skill      XL: |  1  2  3  4 |
---------------+-------------+-----
Necromancy     | 5 6 |  6.5
Spellcasting   | 4 5 |  5.1
Dodging        | |  2.4
Stealth        | |  2.7

Action                   |  1- 3 |  4- 6 || total
-------------------------+-------+-------++-------
Melee: Short sword       |     3 |       ||     3
 Cast: Necrotise         |    40 |    49 ||    89
       Vampiric Draining |       |     4 ||     4
Armor: Robe              |     2 |       ||     2
Dodge: Dodged            |     4 |     4 ||     8
